[Event "Early-Titled-Tuesday-Blitz-April-23-2024"]
[Site "Chess.com"]
[Date "2024.04.23"]
[Round "1"]
[White "Yashasdevappa"]
[Black "AsaHoffmann"]
[Result "0-1"]
[WhiteElo "2670"]
[BlackElo "2394"]
[TimeControl "180+1"]
[EndTime "8:07:04 PDT"]
[Termination "AsaHoffmann won by resignation"]

1. b3 d6 2. Bb2 Nd7 3. c4 Ngf6 4. g3 c6 5. Bg2 g6 6. Nf3 Bg7 7. O-O e5 8. d4 e4 9. Ng5 d5 10. Nh3 O-O 11. Nc3 Re8 12. cxd5 cxd5 13. Nf4 Nb6 14.
e3 Bg4 15. Qd2 g5 16. Nfe2 Bf3 17. h3 Qd7 18. Rac1 Rac8 19. Ba3 Bf8 20. Bxf8 Rxf8 21.
Kh2 Bxg2 22. Kxg2 Rfe8 23. g4 Nxg4 24. hxg4 Qxg4+ 25. Ng3 Qf3+ 26. Kg1 f5 27. Qe2 f4 28. Qxf3 exf3 29. exf4 gxf4 30. Nh5 Rc6 31. Nxf4 Rh6 32. Rfe1 Rf8 33. Ncxd5 Nxd5 34. Nxd5 Rg6+ 35. Kh2 Rh6+ 36. Kg3 Rg6+ 37. Kh4 Rh6+ 38. Kg4 Rg6+ 39. Kh5 Rf5+ 40. Kh4 Rxd5 41. Rc8+ Kg7 42. Rc7+ Kh6 43. Re5 Rxd4+ 44.
Kh3 Rd1 45. Kh2 Rdg1 0-1

[Event "Early-Titled-Tuesday-Blitz-April-23-2024"]
[Site "Chess.com"]
[Date "2024.04.23"]
[Round "1"]
[White "GlennTipton"]
[Black "Larkin-Vladislav"]
[Result "0-1"]
[WhiteElo "2506"]
[BlackElo "2895"]
[TimeControl "180+1"]
[EndTime "8:07:05 PDT"]
[Termination "Larkin-Vladislav won by resignation"]

1. d4 Nc6 2. Nf3 d6 3. e4 Nf6 4. Nc3 g6 5. Be2 Bg7 6. O-O O-O 7. Re1 Bg4 8. Be3 Bxf3 9. Bxf3 e5 10. d5 Ne7 11. a4 Nd7 12. Be2 f5 13. f3 h6 14. a5 a6 15. b4 g5 16. b5 Nf6 17.
b6 Rc8 18. Qd2 cxb6 19. Bxb6 Qd7 20. Bd3 g4 21. fxg4 fxe4 22. Bxe4 Qxg4 23. h3 Qg5 24. Qxg5 hxg5 25. Ra3 Nxe4 26. Rxe4 Nf5 27. Rg4 Nd4 28. Bxd4 exd4 29. Ne4 Rxc2 30. Nxd6 Rc1+ 31. Kh2 Be5+ 32. Rag3 Rff1 33. Rxg5+ Kf8 34. Rf5+ Rxf5 35.
Nxf5 d3 36. d6 d2 37. d7 d1=Q 0-1

[Event "Early-Titled-Tuesday-Blitz-April-23-2024"]
[Site "Chess.com"]
[Date "2024.04.23"]
[Round "1"]
[White "klercaku"]
[Black "ansko1999"]
[Result "0-1"]
[WhiteElo "2267"]
[BlackElo "2619"]
[TimeControl "180+1"]
[EndTime "8:07:05 PDT"]
[Termination "ansko1999 won on time"]

1. e4 c5 2. Nf3 Nf6 3. Nc3 d5 4.
exd5 Nxd5 5. Nxd5 Qxd5 6. d4 Bg4 7.
Be2 cxd4 8. Qxd4 Bxf3 9. Qa4+ b5 10. Bxb5+ Nd7 11. Bxd7+ Qxd7 12. Qxd7+ Kxd7 13. gxf3 g6 14. Be3 Bg7 15. O-O-O+ Ke6 16. Rhe1 Kf5 17. Bc5 e5 18.
Rd7 Bh6+ 19. Kb1 f6 20. Red1 Bf4 21. h3 Rhc8 22. Ba3 h5 23. R1d6 Bg5 24. c3 Bh4 25.
Rd2 Kf4 26. R7d3 Rab8 27. Bd6 Rb6 28. b3 Bg5 29. c4 Rxc4 30. Re2 Rcc6 31. Ba3 Kf5 32.
Bb2 Bf4 33. a4 a6 34. Rd7 Rxb3 35. Ka2 Rb4 0-1

[Event "Early-Titled-Tuesday-Blitz-April-23-2024"]
[Site "Chess.com"]
[Date "2024.04.23"]
[Round "1"]
[White "rionelG"]
[Black "GlavkonVVS"]
[Result "1-0"]
[WhiteElo "2225"]
[BlackElo "2594"]
[TimeControl "180+1"]
[EndTime "8:07:06 PDT"]
[Termination "rionelG won on time"]

1. e4 c5 2. g3 g6 3. Bg2 Bg7 4. Ne2 Nc6 5. c3 e5 6. d3 Nge7 7. Be3 b6 8. d4 cxd4 9. cxd4 exd4 10. Nxd4 O-O 11. Nc3 Ba6 12. Qa4 Nxd4 13. Bxd4 Bxd4 14. Qxd4 Nc6 15. Qa4 Qc8 16. Rc1 Ne5 17. Kd2 Qc5 18.
Rhf1 Bxf1 19. Rxf1 b5 20. Qb3 Qd4+ 21. Kc2 Qd3+ 22.
Kc1 Qc4 23. f4 Ng4 24. Re1 Rac8 25. Kb1 Qxb3 26. axb3 a6 27. Nd5 Kg7 28. h3 Nf6 29.
Ne3 1-0

[Event "Early-Titled-Tuesday-Blitz-April-23-2024"]
[Site "Chess.com"]
[Date "2024.04.23"]
[Round "1"]
[White "martinmena"]
[Black "karinachess1"]
[Result "0-1"]
[WhiteElo "2207"]
[BlackElo "2609"]
[TimeControl "180+1"]
[EndTime "8:07:06 PDT"]
[Termination "karinachess1 won by checkmate"]

1. c4 e6 2. g3 Nf6 3. Bg2 d5 4. Nf3 dxc4 5. O-O c6 6. e3 Nbd7 7. Qc2 b5 8. Nd4 Bb7 9. Nxb5 Qb6 10. N5a3 Ne5 11. f4 Ned7 12. Nxc4 Qc7 13. b3 Be7 14. Bb2 O-O 15. Nc3 c5 16. Ne4 Rac8 17. Nxf6+ Nxf6 18. Be5 Qd7 19. d4 Bxg2 20. Qxg2 Nd5 21. e4 Nb4 22.
Rfd1 cxd4 23. Bxd4 Qb7 24. Bf2 Rfd8 25. e5 Qa6 26. a4 h5 27. Qf3 g6 28. Qe2 Nd5 29. Rac1 Bb4 30. Rd3 Qb7 31. Rcd1 Kg7 32. Qf3 Qb8 33.
Bd4 Ne7 34. Bb2 Nf5 35. Kh1 Be7 36. Rxd8 Rxd8 37. Rxd8 Qxd8 38. Qe2 Qd5+ 39. Kg1 Bc5+ 40.
Kf1 Qh1# 0-1

[Event "Early-Titled-Tuesday-Blitz-April-23-2024"]
[Site "Chess.com"]
[Date "2024.04.23"]
[Round "1"]
[White "Ivan11Martic"]
[Black "rhwr"]
[Result "0-1"]
[WhiteElo "2618"]
[BlackElo "2323"]
[TimeControl "180+1"]
[EndTime "8:07:08 PDT"]
[Termination "rhwr won by checkmate"]

1. e4 c5 2. c3 Nf6 3. e5 Nd5 4. Nf3 e6 5. d4 cxd4 6. cxd4 Nc6 7. Bc4 Nb6 8. Bb3 d6 9. O-O dxe5 10. dxe5 Qxd1 11. Rxd1 Be7 12. Nc3 O-O 13. Bf4 Na5 14. Bc2 Bd7 15. Ne4 Rac8 16. Rac1 Bc6 17. Nfd2 Nac4 18.
Nxc4 Nxc4 19. b3 Nb6 20. Nd6 Rcd8 21. Bb1 Nd5 22. Bg3 h5 23. h4 g6 24. a3 a5 25.
Be4 Rd7 26. f3 Kg7 27. Rd4 f6 28. Nc4 Rfd8 29. exf6+ Bxf6 30. Be5 Ne7 31. Rxd7 Rxd7 32. Bxc6 Nxc6 33. Bxf6+ Kxf6 34. Kf2 Rd3 35. Rb1 b5 36. Ne3 Rd2+ 37. Kg3 Nd4 38. a4 b4 39. Nc4 Ne2+ 40. Kf2 Rc2 41. Ke3 e5 42. Nxa5 Nf4 43. Rb2 Rxb2 44.
Nc4 Re2# 0-1

[Event "Early-Titled-Tuesday-Blitz-April-23-2024"]
[Site "Chess.com"]
[Date "2024.04.23"]
[Round "1"]
[White "Sofia_Blokhin"]
[Black "jinbojinbo"]
[Result "0-1"]
[WhiteElo "2252"]
[BlackElo "2617"]
[TimeControl "180+1"]
[EndTime "8:07:08 PDT"]
[Termination "jinbojinbo won by checkmate"]

1. d4 Nf6 2. c4 c5 3. d5 e6 4. Nc3 exd5 5. cxd5 g6 6. e4 d6 7. Bf4 a6 8. a4 Bg7 9. h3 O-O 10. Nf3 Re8 11. Nd2 Nh5 12. Bh2 f5 13. Bd3 Nf6 14.
O-O Nbd7 15. exf5 gxf5 16. Bxf5 Ne5 17. Bxc8 Rxc8 18. f4 Nf7 19. Nc4 Qc7 20. a5 Ne4 21. Rc1 Bd4+ 22. Kh1 Nf2+ 23. Rxf2 Bxf2 24. Qg4+ Kh8 25.
f5 Qe7 26. Bf4 Bd4 27. Qh5 Rg8 28. Kh2 Rce8 29. Rf1 Qf6 30. Nd1 Ne5 31. Nxe5 Bxe5 32. Bxe5 Qxe5+ 33. Kh1 Qg3 34. Rg1 Re1 35. Rxe1 Qxg2# 0-1

[Event "Early-Titled-Tuesday-Blitz-April-23-2024"]
[Site "Chess.com"]
[Date "2024.04.23"]
[Round "1"]
[White "noblerone"]
[Black "GrigorGrigorov"]
[Result "0-1"]
[WhiteElo "2506"]
[BlackElo "2892"]
[TimeControl "180+1"]
[EndTime "8:07:09 PDT"]
[Termination "GrigorGrigorov won by checkmate"]

1. d4 Nf6 2. Nf3 e6 3. Bg5 h6 4. Bh4 c5 5. e3 d5 6. c3 Nbd7 7. Bd3 Bd6 8. Nbd2 O-O 9. O-O b6 10. e4 cxd4 11. Nxd4 Bb7 12. Re1 dxe4 13. Nxe4 Be7 14. Bg3 Nc5 15. Nxc5 Bxc5 16. Nb3 Be7 17.
Qe2 Qd5 18. f3 Rfd8 19. Rad1 Qg5 20. Nd2 Nh5 21. Ne4 Nxg3 22. Nxg3 Bc5+ 23. Kh1 Bd6 24. Nf1 Rac8 25. Be4 Bxe4 26. Qxe4 Bc5 27. a3 a5 28.
Qe2 Qh4 29. Qe4 Qf2 30. Ng3 Qxb2 31. Qb7 Qxc3 32. Ne4 Qc2 33. Nxc5 Qxd1 34. Qxc8 Qxe1# 0-1

[Event "Early-Titled-Tuesday-Blitz-April-23-2024"]
[Site "Chess.com"]
[Date "2024.04.23"]
[Round "1"]
[White "Caracal3000"]
[Black "Sl4werThanYou"]
[Result "1-0"]
[WhiteElo "2483"]
[BlackElo "2799"]
[TimeControl "180+1"]
[EndTime "8:07:10 PDT"]
[Termination "Caracal3000 won by resignation"]

1. e4 e6 2. d4 d5 3. exd5 exd5 4. Nf3 Nc6 5. Nc3 Nge7 6. Bd3 Bf5 7. Bxf5 Nxf5 8.
Bf4 Bb4 9. Qe2+ Qe7 10. Qxe7+ Kxe7 11. O-O-O Bxc3 12. bxc3 Kd7 13. c4 Nfe7 14. cxd5 Nxd5 15.
Ne5+ Nxe5 16. Bxe5 f6 17. Bg3 b5 18. Kb2 Rhe8 19. Rhe1 a5 20. a4 c6 21. c3 b4 22. cxb4 axb4 23. Kb3 Nc3 24. Rxe8 Rxe8 25. Rd2 Nd5 26. a5 Ra8 27. Ra2 h5 28. h3 Ra6 29.
Kc4 g5 30. f3 Ra8 31. a6 h4 32. Bh2 Nc3 33. Ra1 Nd5 34. a7 Kc8 35. Bb8 Kb7 36.
Re1 Nb6+ 37. Kxb4 Nc8 38. Kc5 Nxa7 39. Bxa7 Kxa7 40. Ra1+ Kb7 41. Rxa8 Kxa8 42. Kxc6 g4 43. fxg4 Kb8 44. Kd7 f5 45. gxf5 1-0

[Event "Early-Titled-Tuesday-Blitz-April-23-2024"]
[Site "Chess.com"]
[Date "2024.04.23"]
[Round "1"]
[White "HanSchut"]
[Black "NoVabbeSeiUnGenio"]
[Result "0-1"]
[WhiteElo "2320"]
[BlackElo "2640"]
[TimeControl "180+1"]
[EndTime "8:07:10 PDT"]
[Termination "NoVabbeSeiUnGenio won by checkmate"]

1. e4 c5 2. Nf3 e6 3. c4 Nc6 4. Nc3 a6 5. Be2 Qc7 6. O-O Nf6 7. d4 cxd4 8. Nxd4 Ne5 9. b3 h5 10. f4 Neg4 11. e5 Bc5 12. exf6 Qd6 13. fxg7 Qxd4+ 14. Qxd4 Bxd4+ 15. Kh1 Rg8 16. Bb2 Ne3 17. Rf3 h4 18.
Rxe3 Bxe3 19. Ne4 f5 20. Nf6+ Kf7 21. Nxg8 Kxg8 22. g3 b5 23. Kg2 Bb7+ 24. Bf3 h3+ 25. Kxh3 Bxf3 26. Kh4 bxc4 27. bxc4 Kf7 28. Kg5 Rb8 29. Bf6 Bc5 30. h4 Be7 31. Bxe7 Kxe7 32. h5 Bxh5 33. Kxh5 Kf7 34. Kh6 Rg8 35. Rd1 d5 36.
cxd5 Kf6 37. dxe6 Rxg7 38. Rd7 Rxg3 39. Re7 Rh3# 0-1

[Event "Early-Titled-Tuesday-Blitz-April-23-2024"]
[Site "Chess.com"]
[Date "2024.04.23"]
[Round "1"]
[White "Sam_ChessMood"]
[Black "Payyappat"]
[Result "1-0"]
[WhiteElo "2956"]
[BlackElo "2535"]
[TimeControl "180+1"]
[EndTime "8:07:11 PDT"]
[Termination "Sam_ChessMood won by checkmate"]

1. d4 Nf6 2. c4 c5 3. d5 e6 4. Nc3 exd5 5. cxd5 d6 6. e4 g6 7.
f4 Bg7 8. Bb5+ Nfd7 9. Nf3 a6 10.
Bd3 b5 11. O-O O-O 12. Kh1 c4 13. Bc2 Nc5 14. a3 Nbd7 15. Be3 f5 16. e5 Qc7 17. e6 Nf6 18. Qd2 Bb7 19. Rad1 Rfe8 20. Ng5 h6 21.
Nf3 Ng4 22. Bg1 Rab8 23. Nh4 Qe7 24. Nxg6 Qf6 25. Bxc5 Qxg6 26. Bd4 Qh5 27. h3 Qh4 28. Bxg7 Kxg7 29. Bxf5 Nf6 30. Qd4 Rg8 31. Ne4 Rbf8 32.
Nxd6 Kh8 33. Nf7+ Kg7 34. d6 Qg3 35. Qf2 Qb3 36. Rde1 Rxf7 37. exf7 Kxf7 38. Re7+ Kf8 39. Rxb7 Nh5 40. Rb8+ Kf7 41. Be6+ Kxe6 42. Rxg8 Kxd6 43. Qd4+ Ke6 44. Re1+ Kf7 45. Qd5+ Kf6 46. Qe6# 1-0

[Event "Early-Titled-Tuesday-Blitz-April-23-2024"]
[Site "Chess.com"]
[Date "2024.04.23"]
[Round "1"]
[White "DanyKopy"]
[Black "Mops_2004"]
[Result "1-0"]
[WhiteElo "2527"]
[BlackElo "2888"]
[TimeControl "180+1"]
[EndTime "8:07:11 PDT"]
[Termination "DanyKopy won by resignation"]

1. Nf3 g6 2. g3 Bg7 3. Bg2 f5 4. O-O Nf6 5. c4 d6 6. d4 O-O 7. Nc3 Qe8 8. d5 a5 9. Rb1 Na6 10. Nd4 Nc5 11. b3 Bd7 12. a3 c6 13.
dxc6 bxc6 14. b4 axb4 15. axb4 Nce4 16. Nxe4 Nxe4 17. Bb2 Rb8 18. b5 cxb5 19. cxb5 Bxb5 20. Nxb5 Rxb5 21. Bxg7 Kxg7 22. Bxe4 fxe4 23. Rxb5 Qxb5 24. Qd4+ Qe5 25. Qxe5+ dxe5 26. e3 Kf6 27. Ra1 Kf5 28. h3 h5 29. Ra7 Re8 30. Kg2 g5 31. Ra6 Rh8 32. Ra7 Rh7 33. Ra8 g4 34. h4 Ke6 35.
Ra4 Kd5 36. Ra8 Kc4 37. Ra5 Kd3 38. Kf1 Rh8 39. Rxe5 Rb8 40. Rd5+ Kc2 41. Rxh5 Rb1+ 42. Kg2 Kd3 43. Rg5 Rb2 44. Rxg4 e5 45. Rg5 Ke2 46. Rxe5 Ke1 47. Rf5 Rb6 48. h5 Rc6 49. g4 1-0

[Event "Early-Titled-Tuesday-Blitz-April-23-2024"]
[Site "Chess.com"]
[Date "2024.04.23"]
[Round "1"]
[White "N18player"]
[Black "baki83"]
[Result "0-1"]
[WhiteElo "2516"]
[BlackElo "2909"]
[TimeControl "180+1"]
[EndTime "8:07:14 PDT"]
[Termination "baki83 won by resignation"]

1. Nf3 d5 2. c4 d4 3. e3 c5 4.
b4 dxe3 5. fxe3 cxb4 6. d4 Nf6 7. Bd3 e6 8. O-O Be7 9. a3 Nc6 10. Ne5 Nxe5 11. dxe5 Nd7 12. Qh5 g6 13. Qh6 Nc5 14.
Qg7 Rf8 15. Bc2 b3 16. Bd1 Bd7 17. Nc3 Qa5 18. Bd2 b2 19. Ra2 Qxc3 20. Bxc3 b1=Q 21. Rb2 Qd3 22. Bd4 Bc6 23. Be2 Qxa3 24. Rbb1 Nb3 25. Bg4 Nxd4 26. exd4 Qe3+ 27. Kh1 Qxd4 28. h3 h5 29. Bxe6 fxe6 30. Rxf8+ Bxf8 31. Qxg6+ Kd7 32. Qxh5 Kc7 33. Qf7+ Qd7 34. Qf4 Bc5 35. h4 Rg8 0-1

[Event "Early-Titled-Tuesday-Blitz-April-23-2024"]
[Site "Chess.com"]
[Date "2024.04.23"]
[Round "1"]
[White "ubdip"]
[Black "LikeWater"]
[Result "0-1"]
[WhiteElo "2346"]
[BlackElo "2659"]
[TimeControl "180+1"]
[EndTime "8:07:14 PDT"]
[Termination "LikeWater won by checkmate"]

1. c4 Nf6 2. Nc3 g6 3. e4 Bg7 4.
Nf3 d6 5. h3 e5 6. d4 exd4 7.
Nxd4 O-O 8. Be3 Re8 9. Bd3 Na6 10. Nb3 Nb4 11. Bb1 Be6 12. Qe2 a5 13. Nd4 Bd7 14. O-O a4 15. a3 Nc6 16. Rd1 Nh5 17. Bc2 Bxd4 18. Bxd4 f5 19. Qf3 Qh4 20. Nd5 fxe4 21. Qe3 Ne5 22. Nxc7 Nf4 23. Nxa8 Bxh3 24. Bxe5 Bxg2 25. f3 exf3 26. Qxf4 Qh3 27. Kf2 dxe5 28.
Qg3 Qc8 29. Nb6 Qc5+ 30. Ke1 Qe3# 0-1

[Event "Early-Titled-Tuesday-Blitz-April-23-2024"]
[Site "Chess.com"]
[Date "2024.04.23"]
[Round "1"]
[White "King_Deded4d5"]
[Black "Eagle_2019"]
[Result "0-1"]
[WhiteElo "2482"]
[BlackElo "2852"]
[TimeControl "180+1"]
[EndTime "8:07:15 PDT"]
[Termination "Eagle_2019 won by resignation"]

1. d4 d5 2. Nf3 e6 3. Bf4 Nf6 4. e3 c5 5. Nbd2 Nc6 6. c3 Nh5 7. Bg5 f6 8. Bh4 g6 9. Be2 cxd4 10. cxd4 Bd6 11. O-O Ng7 12. e4 dxe4 13. Nxe4 Be7 14. Re1 Nf5 15. Bg3 O-O 16. Bc4 Nfxd4 17. Nxd4 Nxd4 18.
Nc3 Kg7 19. f4 Qc7 20. Bf1 Rd8 21. f5 e5 22. fxg6 hxg6 23. Kh1 Be6 24. Rc1 Qb6 25.
Na4 Qa5 26. a3 Bb3 27. Qg4 Bxa4 28. b4 Qb6 29. h4 Rh8 30. Rxe5 fxe5 31. Bxe5+ Bf6 32.
Rc7+ Qxc7 0-1

[Event "Early-Titled-Tuesday-Blitz-April-23-2024"]
[Site "Chess.com"]
[Date "2024.04.23"]
[Round "1"]
[White "Maxfan2008"]
[Black "Maluco_do_Natal_00"]
[Result "1-0"]
[WhiteElo "2576"]
[BlackElo "2032"]
[TimeControl "180+1"]
[EndTime "8:07:15 PDT"]
[Termination "Maxfan2008 won on time"]

1. e4 c5 2. Nf3 Nc6 3. Bb5 e6 4. Bxc6 bxc6 5. d3 d6 6. e5 dxe5 7. Nxe5 Qc7 8. Qe2 Nf6 9. Nc3 Ba6 10. h3 Bd6 11. Ng4 Rb8 12. O-O Nxg4 13. Qxg4 O-O 14.
Qe2 Bf4 15. b3 Be5 16. Bb2 Bd4 17. Na4 Qf4 18. c3 Be5 19. g3 Qf5 20. Nxc5 Bc8 21. d4 Bd6 22. Ne4 Bc7 23. Kg2 c5 24. Nxc5 e5 25.
g4 Qg5 26. Qe3 Qg6 27. dxe5 Bb6 28. b4 Bb7+ 29. Kg1 h5 30. f3 hxg4 31. hxg4 Rfe8 32.
Rad1 Bxc5 33. bxc5 1-0

[Event "Early-Titled-Tuesday-Blitz-April-23-2024"]
[Site "Chess.com"]
[Date "2024.04.23"]
[Round "1"]
[White "TenisMaster"]
[Black "hakanazeri2"]
[Result "1-0"]
[WhiteElo "2975"]
[BlackElo "2539"]
[TimeControl "180+1"]
[EndTime "8:07:16 PDT"]
[Termination "TenisMaster won on time"]

1. e4 c5 2. Nf3 d6 3. d4 cxd4 4.
Nxd4 Nf6 5. Nc3 a6 6. Be3 e5 7. Nb3 Be7 8. f3 Be6 9. Qd2 Nbd7 10. g4 b5 11. g5 Nh5 12. O-O-O O-O 13. Nd5 Bxd5 14.
exd5 Nf4 15. Bxf4 exf4 16. h4 f6 17. Nd4 Nc5 18. g6 hxg6 19. Qg2 Qe8 20. Re1 Qf7 21.
Ne6 Nxe6 22. Rxe6 Rae8 23. Bd3 f5 24. Qxg6 Qxg6 25. Rxg6 Rf7 26. h5 Kh7 27. Re6 Rd8 28. c3 Bg5 29. Rg1 Bh6 30. Rgg6 Rc8 31. Rxd6 b4 32. c4 a5 33. Rc6 Re8 34. Rge6 Rd8 35. d6 Bg5 36. c5 Bf6 37. Bxf5+ Kg8 38. Bg6 Rb7 39. Re8+ Rxe8 40. Bxe8 Kf8 41. Bg6 Rb8 42. Rc7 Bd8 43. Rf7+ Kg8 44. c6 Rc8 45. c7 Bf6 46.
Kd2 1-0

[Event "Early-Titled-Tuesday-Blitz-April-23-2024"]
[Site "Chess.com"]
[Date "2024.04.23"]
[Round "1"]
[White "MyDream003"]
[Black "emeli_chess"]
[Result "1-0"]
[WhiteElo "2811"]
[BlackElo "2466"]
[TimeControl "180+1"]
[EndTime "8:07:17 PDT"]
[Termination "MyDream003 won on time"]

1. Nf3 d5 2. g3 Bg4 3. Bg2 Nd7 4. d4 e6 5. O-O Ngf6 6. b3 Bd6 7. Bb2 O-O 8. Nbd2 Re8 9. c4 c6 10. a3 a5 11. h3 Bxf3 12. Nxf3 dxc4 13. bxc4 e5 14. e3 exd4 15. exd4 Ne4 16. Qc2 Ndf6 17. Rfe1 Qc7 18. Nh4 Nxf2 19. Nf5 Nxh3+ 20. Bxh3 Bxg3 21. Qg2 Nh5 22. Rxe8+ Rxe8 23. Qf3 Bh2+ 24. Kh1 Ng3+ 25. Nxg3 Qxg3 26.
Rf1 Qxf3+ 27. Rxf3 Re1+ 28. Kxh2 Re2+ 29. Kg3 Rxb2 30.
c5 g6 31. Bf1 b6 32. Bc4 Kg7 33. Rb3 Rxb3+ 34. Bxb3 b5 35. d5 Kf6 36. d6 1-0

[Event "Early-Titled-Tuesday-Blitz-April-23-2024"]
[Site "Chess.com"]
[Date "2024.04.23"]
[Round "1"]
[White "abelmat"]
[Black "maximnovik"]
[Result "0-1"]
[WhiteElo "2051"]
[BlackElo "2579"]
[TimeControl "180+1"]
[EndTime "8:07:17 PDT"]
[Termination "maximnovik won on time"]

1. d4 Nf6 2. c4 g6 3. Nc3 d5 4.
g3 dxc4 5. Nf3 Bg7 6. Qa4+ Nfd7 7.
Qxc4 O-O 8. Bg2 Nb6 9. Qd3 Nc6 10. O-O Nxd4 11. Nxd4 Bxd4 12. Bf4 e5 13. Bh6 Re8 14. Qf3 Bxc3 15. Qxc3 c6 16. Rad1 Qe7 17. Rd2 f6 18. Be3 Be6 19. Bc5 Qf7 20. b3 Bd5 21. Bh3 Nd7 22.
Bxd7 Qxd7 23. e4 Rac8 24. Be3 Qe6 25. exd5 cxd5 26. Qb4 d4 27. Bh6 Qh3 28. f4 Qxh6 29. Qxb7 Qg7 30. Qb5 Qe7 31. Qd5+ Kg7 32. fxe5 fxe5 33.
Qe4 Rcd8 34. Rf3 Qe6 35. Rdf2 Re7 0-1

[Event "Early-Titled-Tuesday-Blitz-April-23-2024"]
[Site "Chess.com"]
[Date "2024.04.23"]
[Round "1"]
[White "Alexander_Donchenko"]
[Black "SameerMujumdar"]
[Result "0-1"]
[WhiteElo "2878"]
[BlackElo "2522"]
[TimeControl "180+1"]
[EndTime "8:07:18 PDT"]
[Termination "SameerMujumdar won by checkmate"]

1. d4 Nf6 2. c4 g6 3. g3 Bg7 4.
Bg2 O-O 5. Nc3 d6 6. Nf3 c5 7. O-O Nc6 8. dxc5 dxc5 9. Qa4 Bd7 10. Qa3 b6 11. Rd1 Qc8 12. Bg5 Bh3 13. Nd5 Bxg2 14. Kxg2 Re8 15. Rac1 Qb7 16. Kg1 Rad8 17. Qa4 Ne4 18.
Rb1 Nxg5 19. Nxg5 e6 20. Nf4 Nd4 21. e3 h6 22. exd4 hxg5 23. Nd3 Bxd4 24. Rd2 Re7 25.
Rbd1 Red7 26. Qc2 Kg7 27. b4 e5 28. bxc5 bxc5 29. Ne1 Qc6 30. Ng2 e4 31. Kf1 f5 32.
h4 Bf6 33. hxg5 Bxg5 34. Qc3+ Bf6 35. Qa5 Rxd2 36. Rxd2 Rxd2 37. Qxd2 Qe6 38. Qc2 g5 39. Qa4 Kg6 40. Ne3 Bd4 41. Nd5 f4 42. g4 e3 43.
Qc2+ Kg7 44. f3 Qa6 45. Ke2 Qa5 46. Kd3 Qe1 47. Ke4 e2 48. Qb3 Qb4 49. Nxb4 e1=Q+ 50. Kf5 Qe5# 0-1

[Event "Early-Titled-Tuesday-Blitz-April-23-2024"]
[Site "Chess.com"]
[Date "2024.04.23"]
[Round "1"]
[White "IamSchrodingersCat"]
[Black "NM_Antelacus"]
[Result "1-0"]
[WhiteElo "2622"]
[BlackElo "2275"]
[TimeControl "180+1"]
[EndTime "8:07:18 PDT"]
[Termination "IamSchrodingersCat won on time"]

1. e4 c5 2. Nf3 Nc6 3. d4 cxd4 4.
Nxd4 Nf6 5. Nc3 e5 6. Ndb5 d6 7. Bg5 a6 8. Na3 b5 9. Bxf6 gxf6 10. Nd5 Bg7 11. Bd3 Ne7 12. Nxe7 Qxe7 13. c4 b4 14. Qa4+ Bd7 15. Qxb4 O-O 16. O-O f5 17. Rad1 Rab8 18. Qd2 f4 19. f3 Be6 20. Nb1 Rfc8 21. b3 Bf6 22. Nc3 Qb7 23. Kh1 Bd8 24. Nd5 Bxd5 25. exd5 Bb6 26. Bf5 Rf8 27. Qd3 f6 28. Be6+ Kh8 29.
Rd2 a5 30. g3 fxg3 31. hxg3 Qg7 32. Rh2 Rb7 33. Rh3 Qg5 34. Kg2 f5 35. Rfh1 Rg7 36.
Qe2 Qe3 37. Qxe3 Bxe3 38. Rh5 f4 39. g4 Rf6 40. Bf5 h6 41. Rxh6+ Rxh6 42. Rxh6+ Kg8 43. Rxd6 Ra7 44. Rc6 Kf8 45. d6 1-0

[Event "Early-Titled-Tuesday-Blitz-April-23-2024"]
[Site "Chess.com"]
[Date "2024.04.23"]
[Round "1"]
[White "Yonousomodulo"]
[Black "marcodobrikov"]
[Result "1-0"]
[WhiteElo "2393"]
[BlackElo "2670"]
[TimeControl "180+1"]
[EndTime "8:07:21 PDT"]
[Termination "Yonousomodulo won on time"]

1. c4 e6 2. g3 Nf6 3. Bg2 c5 4. Nf3 Nc6 5. O-O Be7 6. d4 cxd4 7. Nxd4 O-O 8. b3 a6 9. Nc3 Qa5 10. Bb2 Ba3 11. Bxa3 Qxa3 12. e3 Rb8 13. Qd2 Ne7 14.
Rfd1 d6 15. h3 Rd8 16. e4 Nc6 17. Nxc6 bxc6 18. e5 Ne8 19. Bxc6 Bd7 20. Bg2 dxe5 21. Ne4 Qe7 22. Qc3 f6 23. c5 Rdc8 24. b4 Bc6 25.
a3 Kf8 26. Rd2 Nc7 27. Nd6 Nd5 28. Nxc8 Rxc8 29. Qd3 Qb7 30. Qxh7 Ne7 31. Bxc6 Qxc6 32. Rad1 a5 33. Rd8+ Rxd8 34. Rxd8+ Kf7 35. Qh8 Ng6 36.
Qg8+ Ke7 37. Rd6 Qe4 38. Qxg7+ Ke8 39. Rxe6+ Kd8 40. Rd6+ Ke8 41. Qd7+ Kf8 42. Rxf6+ Kg8 43. Qf7+ Kh8 44. Qxg6 Qe1+ 45. Kg2 1-0

[Event "Early-Titled-Tuesday-Blitz-April-23-2024"]
[Site "Chess.com"]
[Date "2024.04.23"]
[Round "1"]
[White "EdmundPlayer"]
[Black "TokChess"]
[Result "0-1"]
[WhiteElo "2270"]
[BlackElo "2621"]
[TimeControl "180+1"]
[EndTime "8:07:21 PDT"]
[Termination "TokChess won on time"]

1. c4 Nf6 2. Nf3 c5 3. d4 cxd4 4. Nxd4 g6 5. Nc3 Bg7 6. e3 O-O 7. Be2 Nc6 8. O-O d6 9. b3 Bd7 10. Bb2 Nxd4 11. Qxd4 Bc6 12. Nd5 Bxd5 13. cxd5 Qb6 14.
Qxb6 axb6 15. Bc4 Ra5 16. Rfd1 b5 17. Bc3 Raa8 18. Bxb5 Rfc8 19. Bd4 Ne4 20. a4 Nc3 21. Bxc3 Rxc3 22. Rab1 Rc2 23. Rdc1 Rac8 24. Bc4 Ra2 25.
g3 Bf6 26. Bb5 Rcc2 27. Rxc2 Rxc2 28. Bc4 Bc3 29. Rd1 Bb4 30. Kg2 Bc5 31. Kf3 h5 32. h4 Kg7 33. Ra1 Bb4 34. Rd1 f6 35. Rf1 g5 36.
hxg5 fxg5 37. Ke4 Kf6 38. f3 Bc5 39. Rh1 Rc3 40. Bd3 Kg6 41. f4 Rxb3 42. fxg5 Kxg5 0-1

[Event "Early-Titled-Tuesday-Blitz-April-23-2024"]
[Site "Chess.com"]
[Date "2024.04.23"]
[Round "1"]
[White "GKARU"]
[Black "Fandorine"]
[Result "0-1"]
[WhiteElo "2518"]
[BlackElo "2916"]
[TimeControl "180+1"]
[EndTime "8:07:22 PDT"]
[Termination "Fandorine won on time"]

1. d4 Nf6 2. Nf3 d5 3. c4 c6 4.
Qc2 a6 5. Bf4 g6 6. e3 Bf5 7.
Bd3 Bxd3 8. Qxd3 Bg7 9. O-O O-O 10. Nc3 b5 11. b3 dxc4 12. bxc4 Nbd7 13. h3 Re8 14.
Rfd1 Nb6 15. c5 Nc4 16. Rab1 Nd7 17. a4 e5 18. Bg3 h6 19. Qc2 Na3 20. Qb3 Nxb1 21.
Qxb1 exd4 22. exd4 Qe7 23. Re1 Qf8 24. Ne4 Re6 25.
Bd6 Qe8 26. Kf1 f5 27. Ned2 Rxe1+ 28. Nxe1 Qe6 29. Nef3 Re8 30. g3 Qd5 31. Qb2 Nxc5 32. axb5 Na4 33. Qa3 axb5 34. Be5 g5 35. g4 fxg4 36.
hxg4 c5 0-1

[Event "Early-Titled-Tuesday-Blitz-April-23-2024"]
[Site "Chess.com"]
[Date "2024.04.23"]
[Round "1"]
[White "Roosters19"]
[Black "SahibSinghKnight"]
[Result "1/2-1/2"]
[WhiteElo "2326"]
[BlackElo "2631"]
[TimeControl "180+1"]
[EndTime "8:07:22 PDT"]
[Termination "Game drawn by repetition"]

1. d4 e6 2. Nf3 d5 3. Bf4 Bd6 4. Bg3 Ne7 5. e3 Nf5 6. Bd3 b6 7. Qe2 Bb7 8. Nbd2 O-O 9. O-O-O Nxg3 10. hxg3 f5 11. g4 Nc6 12. gxf5 exf5 13. g4 Bc8 14. gxf5 Bxf5 15. e4 dxe4 16. Bxe4 Nb4 17. Bxf5 Rxf5 18. a3 Nc6 19. Qc4+ Kf8 20. Qxc6 h6 21. Qe4 Rf4 22.
Qe3 Qf6 23. Ne5 Kg8 24. Qb3+ Kh7 25. Qd3+ Kg8 26. Ne4 Qe6 27. Nxd6 cxd6 28. Ng6 Rxf2 29. Rde1 Qf6 30. Rhf1 Qg5+ 31. Kb1 Rd2 32. Qc4+ Kh7 33. Nf8+ Kh8 34. Ne6 Qh4 35. Nf4 Qg4 36. Qd5 Rc8 37. c3 Qg3 38. Qe6 Rxb2+ 39. Kxb2 Qxc3+ 40. Kb1 Qc2+ 41. Ka1 Qc3+ 42. Kb1 Qc2+ 43. Ka1 Qc3+ 44. Ka2 Qc2+ 45. Ka1 1/2-1/2

[Event "Early-Titled-Tuesday-Blitz-April-23-2024"]
[Site "Chess.com"]
[Date "2024.04.23"]
[Round "1"]
[White "Fy_Rakotomaharo"]
[Black "DinaBelenkaya"]
[Result "0-1"]
[WhiteElo "2707"]
[BlackElo "2423"]
[TimeControl "180+1"]
[EndTime "8:07:23 PDT"]
[Termination "DinaBelenkaya won on time"]

1. d4 d5 2. Nf3 Nf6 3. Bg5 h6 4.
Bxf6 exf6 5. e3 Bd6 6. c4 dxc4 7. Bxc4 O-O 8. Nc3 c6 9. h3 Nd7 10. O-O f5 11. a3 Qe7 12. Qc2 Nf6 13. Rfe1 Ne4 14.
Bd3 Re8 15. Nd2 Nxd2 16. Qxd2 Qg5 17. Rad1 Be6 18. e4 Bf4 19. Qc2 fxe4 20. Nxe4 Qh5 21. Qe2 Qa5 22. Nc5 Bd7 23. Qf1 Qc7 24. Bb1 g6 25. Qc4 Kg7 26. d5 cxd5 27. Qxd5 Bc6 28. Qd4+ Be5 29. Qg4 Bxb2 30. Ne6+ Rxe6 31. Rxe6 fxe6 32.
Qxg6+ Kf8 33. Qxh6+ Bg7 34. Qxe6 Qf7 35. Qg4 Qf6 36. Rd3 Kg8 0-1